 Dungeon Crawl Stone Soup version 0.27.1-33-g824d729ab1 (webtiles) character file.

Game seed: 1438402382014509454

161916 demibob the Brawler (level 17, -1/143 (153) HPs)
             Began as a Troll Chaos Knight on Nov 26, 2021.
             Was a Plaything of Xom.
             Killed from afar by a will-o-the-wisp (7 damage)
             ... with a foxfire
             ... on level 2 of the Swamp on Nov 27, 2021.
             The game lasted 01:18:20 (22160 turns).

demibob the Brawler (Troll Chaos Knight)           Turns: 22160, Time: 01:18:24

HP:   -1/143 (153)  AC: 20    Str: 35    XL:     17   Next: 21%
MP:   16/16         EV: 10    Int:  9    God:    Xom [*.....]
Gold: 2640          SH: 17    Dex: 14    Spells: 15/16 levels left

rFire    + . .     SeeInvis .     - Unarmed
rCold    + . .     Faith    .   s - +0 kite shield
rNeg     + . .     Spirit   .   e - +3 pearl dragon scales
rPois    +         Reflect  +   n - +0 hat of the Raven {Str+6 Dex-2 Slay+5}
rElec    +         Harm     .   j - scarf {repulsion}
rCorr    +         Rampage  .   (gloves unavailable)
Will     ++...                  (boots unavailable)
Stlth    ..........             H - amulet of reflection
HPRegen  1.33/turn              y - +4 ring of slaying
MPRegen  0.15/turn              Y - +4 ring of slaying

@: resistant, unable to read, drained, repel missiles
A: large, unfitting armour, claws 3, regeneration 1, shaggy fur 2, tough skin 1,
horns 1, agile 2, frail 1, strong-willed 1, passive freeze, sense surroundings
1, strong 2, wild magic 1, inability to read while threatened, sturdy frame 1
a: Renounce Religion


You were on level 2 of the Swamp.
You worshipped Xom.
You were a special plaything of Xom.
You visited 4 branches of the dungeon, and saw 24 of its levels.
You visited 1 bazaar.
You also visited: Sewer, Bailey, Gauntlet and Ice Cave.

You collected 4183 gold pieces.
You spent 1543 gold pieces at shops.


Innate Abilities, Weirdness & Mutations

You are too large for most types of armour.
You have claws for hands.
Your natural rate of healing is unusually fast.
You are covered in thick fur. (AC +2)
You have tough skin. (AC +1)
You have a pair of small horns on your head.
You are very agile. (Dex +4)
You are frail. (-10% HP)
You are strong-willed. (Will+)
A frigid envelope surrounds you and freezes all who hurt you.
You passively map a small area around you.
Your muscles are very strong. (Str +4)
Your spells are a little harder to cast, but a little more powerful.
You sometimes lose the ability to read scrolls when taking damage.
Your movements are slightly less encumbered by armour. (ER -2)


   Skills:
 + Level 11.2 Fighting
 - Level 3.1 Throwing
 - Level 10.9 Armour
 - Level 4.4 Dodging
 - Level 9.1 Shields
 + Level 19.3 Unarmed Combat
 - Level 4.8 Transmutations


You had 15 spell levels left.
You knew the following spells:

 Your Spells              Type           Power      Damage    Failure   Level
b - Beastly Appendage     Tmut           22%        N/A       13%         1

Your spell library contained the following spells:

 Spells                   Type           Power      Damage    Failure   Level
 Wereblood                Tmut           11%        N/A       19%         2
 Corona                   Hex            0%         N/A       61%         1
 Freeze                   Ice            0%         1d3       61%         1
 Magic Dart               Conj           0%         1d3       61%         1
 Shock                    Conj/Air       0%         1d3       61%         1
 Spider Form              Tmut/Pois      2%         N/A       65%         3
 Blink                    Tloc           N/A        N/A       75%         2
 Call Imp                 Summ           0%         N/A       75%         2
 Ensorcelled Hibernation  Hex/Ice        0%         N/A       75%         2
 Poisonous Vapours        Pois/Air       0%         N/A       75%         2
 Sublimation of Blood     Necr           0%         N/A       75%         2
 Ignite Poison            Fire/Tmut/Pois 3%         N/A       75%         3
 Frozen Ramparts          Ice            0%         1d2       92%         3
 Mephitic Cloud           Conj/Pois/Air  0%         N/A       92%         3
 Ozocubu's Armour         Ice            0%         N/A       92%         3
 Swiftness                Air            0%         N/A       92%         3
 Tukima's Dance           Hex            0%         N/A       92%         3
 Petrify                  Tmut/Erth      5%         N/A       95%         4
 Airstrike                Air            0%         N/A       100%        4
 Fulminant Prism          Conj/Hex       0%         3d6       100%        4
 Hailstorm                Conj/Ice       0%         3d3       100%        4
 Iskenderun's Mystic Bla  Conj/Tloc      0%         2d3       100%        4
 Leda's Liquefaction      Hex/Erth       0%         N/A       100%        4
 Summon Lightning Spire   Summ/Air       0%         N/A       100%        4
 Alistair's Intoxication  Tmut/Pois      3%         N/A       100%        5
 Bolt of Magma            Conj/Fire/Erth 0%         4d4       100%        5
 Irradiate                Conj/Tmut      2%         3d14      100%        5
 Iskenderun's Battlesphe  Conj           0%         2d6       100%        5
 Lee's Rapid Deconstruct  Erth           0%         3d5*      100%        5
 Manifold Assault         Tloc           0%         N/A       100%        5
 Iron Shot                Conj/Erth      0%         9d1       100%        6
 Statue Form              Tmut/Erth      3%         N/A       100%        6
 Ozocubu's Refrigeration  Ice            0%         4d5       100%        7
 Spellforged Servitor     Conj/Summ      0%         N/A       100%        7
 Storm Form               Tmut/Air       2%         N/A       100%        7
 Maxwell's Capacitive Co  Air            0%         ∞         100%        8

Inventory:

Hand Weapons
 b - the +6 hand axe "Naohuok" {flame, rCorr Str+2}
   (You found it on level 14 of the Dungeon)

   It burns those it strikes, dealing additional fire damage.
   Big, fiery blades are also staple armaments of hydra-hunters.
   Str:       It affects your strength (+2).
   rCorr:     It protects you from acid and corrosion.
Missiles
 a - 15 silver boomerangs (quivered)
 i - 6 throwing nets {=f}
 t - 8 datura-tipped darts
 x - 7 atropa-tipped darts
 z - 8 curare-tipped darts {=f}
 O - 33 large rocks {=f}
Armour
 e - +3 pearl dragon scales (worn)
 j - a scarf of repulsion (worn)
 n - the +0 hat of the Raven (worn) {Str+6 Dex-2 Slay+5}
   (You found it on level 10 of the Dungeon)

   Str:       It affects your strength (+6).
   Dex:       It affects your dexterity (-2).
   Slay:      It affects your accuracy & damage with ranged weapons and melee
   (+5).
 s - a +0 kite shield (worn)
 B - a +1 cloak of cold resistance
 V - the +2 cloak of Ru's Hope {*Corrode rF+++ Will- Regen+}
   (You found it in a Gauntlet)

   rF:        It renders you almost immune to fire.
   Regen:     It increases your rate of health regeneration.
   *Corrode:  It may corrode you when you take damage.
   Will:      It decreases your willpower.
Magical Staves
 N - a staff of cold {!a}
Jewellery
 o - an amulet of faith {!P}
 r - the ring "Cakhlet" {rN+ Will+ AC+4 Str+4 Dex-3}
   (You acquired it on level 8 of the Dungeon)

   [ring of protection]

   AC:        It affects your AC (+4).
   Str:       It affects your strength (+4).
   Dex:       It affects your dexterity (-3).
   rN:        It protects you from negative energy.
   Will:      It increases your willpower.
 v - a ring of see invisible
 y - a +4 ring of slaying (left claw)
 C - a ring of protection from cold
 E - a +4 ring of evasion
 F - a ring of protection from fire
 H - an amulet of reflection (around neck)
 J - the ring "Uqodamp" {rC- rCorr Str+7 Int+6 Stlth+}
   (You found it in a Gauntlet)

   [ring of intelligence]

   Str:       It affects your strength (+7).
   Int:       It affects your intelligence (+6).
   rC:        It makes you vulnerable to cold.
   rCorr:     It protects you from acid and corrosion.
   Stlth:     It makes you more stealthy.
 P - a ring of poison resistance
 Y - a +4 ring of slaying (right claw)
Wands
 c - a wand of paralysis (6)
 g - a wand of iceblast (15)
 h - a wand of flame (87)
 p - a wand of mindburst (32)
 I - a wand of acid (8)
 K - a wand of polymorph (10)
 W - a wand of digging (1)
Scrolls
 u - 2 scrolls of fear
 A - 7 scrolls of teleportation {@r2}
 G - 3 scrolls of holy word
 L - 4 scrolls of identify {@r1}
 S - 3 scrolls of blinking
 T - 3 scrolls of magic mapping
 U - 3 scrolls of fog
Potions
 d - a potion of haste {@q3}
 f - 7 potions of attraction
 k - 4 potions of ambrosia
 m - 12 potions of curing {@q1}
 D - 2 potions of flight
 M - a potion of might
 Q - 4 potions of cancellation
 R - 2 potions of berserk rage {!q}
 X - a potion of invisibility
Miscellaneous
 q - a phial of floods
 w - a lightning rod (4/4)

Dungeon Overview and Level Annotations

Branches:
Dungeon (14/15)            Temple (0/1) D:7            Lair (6/6) D:9
  Swamp (2/4) Lair:2       Spider (0/4) Lair:4        Slime (0/5) Lair:6
    Orc (2/2) D:9             Elf (0/3) Orc:2        Vaults (0/5) D:13
  Sewer (visited)          Bailey (visited)           IceCv (visited)
Gauntlet (visited)

Altars:
Cheibriados
Dithmenos
Gozag
Qazlal
Sif Muna
Trog
Uskayaw
Vehumet
Xom
Zin
The Shining One
Beogh
Jiyva

Shops:
Orc:2 [!(*(

Portals:
Trove: D:10 (give +5 demon whip)

Annotations:
Lair:2 3 runed translucent doors, Baconl0rd's ghost, journeyman MiFi
Orc:2 2 transporters, Stomo444's ghost, journeyman DsMo

.#.#..≈≈≈.≈♣♣ * ≈
#....!.§≈≈≈.♣♣ ♣≈.≈.≈≈.♣ ≈
...(...≈≈≈..≈♣♣ ♣...≈≈≈≈.
..##...§≈≈≈..≈♣ ≈....≈≈≈≈
...##..>≈≈≈≈≈≈♣♣ .....≈≈≈≈
, ≈ .......≈.≈≈≈≈.≈♣
♣....≈≈≈≈
........≈≈§.<..♣♣♣♣....≈≈≈.
...#.#..≈≈†§§≈....♣.≈≈§.≈..
≈
§♣.#.#.≈.≈≈†≈≈≈≈@v§t†v≈....
.♣..#..≈≈≈≈≈≈≈≈.♣♣♣.≈§≈≈≈≈≈
≈≈ ≈≈......≈♣♣♣≈≈♣♣♣
♣≈≈≈≈≈≈≈≈ ≈ ♣♣...§≈≈♣♣
♣♣♣≈≈ ..≈≈≈≈≈≈≈ ♣≈..≈≈≈♣♣
*♣♣ .≈≈≈≈≈≈≈. ≈..≈..♣♣ *
≈≈≈≈≈≈≈§≈. ...≈♣♣♣ **
≈≈≈..[.... ♣..♣♣ * , ≈
≈≈≈.♣♣♣♣≈≈.* ♣♣♣♣ ≈ ≈


You could see an alligator and a will-o-the-wisp.


Message History

You mangle the swamp worm!!
You kill the swamp worm!
The foxfire hits you!!
* * * LOW HITPOINT WARNING * * *
Unknown command.
You are too injured to fight recklessly!
You are too injured to fight recklessly!
Unknown command.
Unknown command.
You are too injured to fight recklessly!
Unknown command.
The will-o-the-wisp gestures.
The will-o-the-wisp conjures some foxfire! 2 foxfires come into view.
The will-o-the-wisp gestures.
The will-o-the-wisp conjures some foxfire!
The foxfire hits you!!
* * * LOW HITPOINT WARNING * * *
2 foxfires come into view.
You cannot read scrolls in your current state!
You feel much better. The foxfire hits you!!
* * * LOW HITPOINT WARNING * * *
The foxfire hits you!!
* * * LOW HITPOINT WARNING * * *
Xom thinks this is hilarious!
Enter note: i die lol You feel protected.
The foxfire hits you! You resist.
You die...
Xom guffaws!

Skill      XL: |  1  2  3  4  5  6  7  8  9 10 11 12 13 14 15 16 17 |
---------------+----------------------------------------------------+-----
Unarmed Combat | 4 5 6 7 9 10 12 14 15 16 17 19 | 19.3
Throwing       | 1 3 |  3.1
Transmutations | 2 4 |  4.8
Shields        | 3 6 9 |  9.1
Armour         | 3 7 8 9 10 | 10.9
Dodging        | 4 |  4.4
Fighting       | 4 7 10 11 | 11.2

Action                   |  1- 3 |  4- 6 |  7- 9 | 10-12 | 13-15 | 16-18 || total
-------------------------+-------+-------+-------+-------+-------+-------++-------
Melee: Unarmed           |    67 |   150 |   263 |   482 |   524 |   490 ||  1976
       Punch             |     1 |     4 |    14 |     3 |       |       ||    22
       Kick              |       |       |    12 |     2 |   101 |   184 ||   299
       Headbutt          |       |       |     5 |     1 |    53 |    15 ||    74
       Hand axe          |       |       |       |       |     7 |     1 ||     8
Throw: Dart              |       |     4 |       |     5 |       |     3 ||    12
       Boomerang         |       |       |       |       |       |     2 ||     2
 Cast: Beastly Appendage |       |       |     5 |     1 |       |       ||     6
Evoke: Wand              |       |       |       |    17 |     6 |     1 ||    24
       Lightning rod     |       |       |       |     6 |     2 |     4 ||    12
  Use: Scroll            |     3 |     5 |     8 |     9 |     2 |     7 ||    34
       Potion            |       |     4 |     2 |     8 |     7 |     5 ||    26
 Stab: Sleeping          |       |     6 |     2 |       |       |       ||     8
       Confused          |       |       |       |     2 |       |       ||     2
       Invisible         |       |       |       |     1 |     3 |       ||     4
       Paralysed         |       |       |       |       |     1 |       ||     1
       Distracted        |       |       |       |       |     2 |       ||     2
Armor: Robe              |    23 |    35 |       |       |       |       ||    58
       Skin              |       |     8 |       |       |       |       ||     8
       Troll leather arm |       |     8 |    65 |   107 |       |       ||   180
       Shadow dragon sca |       |       |       |    48 |       |       ||    48
       Pearl dragon scal |       |       |       |    12 |   156 |   100 ||   268
Dodge: Dodged            |    17 |    79 |   143 |   192 |   101 |    88 ||   620
       Repelled          |       |       |     3 |     2 |     3 |     2 ||    10
Block: Kite shield       |       |       |       |   206 |   322 |   283 ||   811
       Reflection        |       |       |       |       |    15 |     6 ||    21

Levels and vault maps discovered:
D:1:      dpeg_arrival_signposts, layout_loops_ring
D:2:      cheibrodos_old_hovel, layout_rooms, nrook_mini_backslash, uniq_jessica
D:3:      layout_loops_ring, gup_sewer_entry_pipe,
          ebering_ecumenical_altar_petrified, minmay_misc_feat_pillars,
          uniq_sigmund
D:4:      layout_basic, lemuel_round_altar
D:5:      layout_basic, corexii_item_surrounded_by_moat
D:6:      layout_loops_corners, minmay_statues_item, corexii_checkpoint_b,
          serial_bayou_pond_c, kennysheep_generic_room_15
D:7:      layout_gridville, nicolae_tso_carved_into_rock, temple_green
D:8:      layout_basic, mainiacjoe_overflow_paths, hangedman_decor_lopped
D:9:      layout_grid_maze, minmay_lair_entry_grove, david_orc_5,
          ebering_ghost_reflecting_pool, chequers_serial_rivers_large_b,
          minmay_unpleasant_kobolds, uniq_harold, uniq_joseph
D:10:     layout_irregular_city, pdpol_temple_overflow_zin_treasury_gozag_greed,
          mainiacjoe_overflow_surrounded_room,
          chequers_temple_overflow_statue_of_worship, enter_bailey_3,
          trove_entry_hex_spiral, hangedman_minor_magic
D:11:     layout_basic, gauntlet_entry_generic, uniq_erolcha
D:12:     layout_loops_cross, kennysheep_generic_room_8
D:13:     layout_grid_maze, david_vaults_5, uniq_sonja
D:14:     layout_cross, serial_glass, glass_columns_b, glass_columns_a,
          serial_shops, bzr_entry_gold
Lair:1:   layout_roguey, chequers_serial_rivers_room_a, st_stairs_12, uniq_grum
Lair:2:   layout_big_grid, minmay_swamp_entry_worms, gammafunk_ghost_icy,
          grunt_forest_stairs_basic
Lair:3:   pond_and_an_island_with_a_cottage, layout_hall_layers
Lair:4:   mu_elephants_graveyard, layout_hall_layers,
          spider_nest_entry_funnel_web, portal_ice_cave_entry_imps
Lair:5:   layout_regular_city, minivault_24, serial_bayou_shore_a
Lair:6:   minmay_lair_end_enchanted_forest, layout_loops_ring, slime_altar_1,
          fungi_pond_lemuel
Swamp:1:  layout_basic_swamp, serial_swamp_ruin, evilmike_swamp_ruin_house_3,
          evilmike_swamp_ruin_house_5, evilmike_swamp_ruin_house_6, uniq_roxanne
Swamp:2:  layout_basic_swamp, evilmike_swamp_ruin_rubble_2
Orc:1:    layout_diamond_mine
Orc:2:    st_orc_ogre_mass, layout_caves, gammafunk_ghost_wrathful_warriors,
          basic_altar, serial_shops, shop

Notes
Turn   | Place    | Note
-------+----------+-------------------------------------------
     0 | D:1      | demibob the Troll Chaos Knight began the quest for the Orb.
     0 | D:1      | Reached XP level 1. HP: 22/22 MP: 0/0
   108 | D:1      | XOM: potion effect (haste)
   135 | D:1      | Reached XP level 2. HP: 29/29 MP: 1/1
   176 | D:1      | XOM: silly message
   180 | D:1      | XOM: silly message
   214 | D:1      | Reached skill level 4 in Unarmed Combat
   391 | D:1      | XOM: polymorph endoplasm -> kobold
   393 | D:1      | Reached XP level 3. HP: 36/36 MP: 2/2
   470 | D:1      | XOM: scenery: summon butterflies
   665 | D:1      | XOM: give mutations
   665 | D:1      | Gained mutation: You are agile. (Dex +2) [Xom's grace]
   665 | D:1      | Gained mutation: You possess an exceptional clarity of
                  | mind. [Xom's grace]
   665 | D:1      | Gained mutation: You are very agile. (Dex +4) [Xom's grace]
   665 | D:1      | Gained mutation: You are partially covered in iridescent
                  | scales. (AC +2) [Xom's grace]
   773 | D:1      | XOM: scenery: create altars
   780 | D:2      | XOM: god gift: 40 gold pieces
   856 | D:2      | Noticed Jessica
   862 | D:2      | XOM: summons 2 friendly demons
   872 | D:2      | Killed Jessica
   894 | D:2      | Reached XP level 4. HP: 43/44 MP: 3/3
   930 | D:2      | Reached skill level 5 in Unarmed Combat
   958 | D:2      | XOM: 5-stop teleportation journey
   963 | D:2      | XOM: god gift: book of the Sky
  1043 | D:2      | XOM: enchant monster (bad)
  1190 | D:2      | XOM: scenery: create altars
  1351 | D:3      | Reached XP level 5. HP: 50/50 MP: 4/4
  1354 | D:3      | Noticed Sigmund
  1356 | D:3      | XOM: swap monsters
  1372 | D:3      | XOM: confuse monster(s)
  1385 | D:3      | XOM: summons 3 friendly demons
  1399 | D:3      | Killed Sigmund
  1400 | D:3      | Reached skill level 6 in Unarmed Combat
  1400 | D:3      | Reached XP level 6. HP: 59/59 MP: 5/5
  1492 | D:3      | Found a faded altar of an unknown god.
  1701 | D:3      | Found a glowing drain.
  1718 | Sewer    | Entered a sewer
  1732 | Sewer    | XOM: silly message
  1808 | Sewer    | Reached skill level 7 in Unarmed Combat
  1835 | Sewer    | Noticed Purgy
  1838 | Sewer    | XOM: swap monsters
  1841 | Sewer    | Killed Purgy
  2454 | D:4      | XOM: give mutations
  2454 | D:4      | Gained mutation: Armour fits poorly on your strangely
                  | shaped body. [Xom's mischief]
  2500 | D:4      | XOM: give mutations
  2500 | D:4      | Lost mutation: You are partially covered in iridescent
                  | scales. (AC +2) [Xom's mischief]
  2500 | D:4      | Lost mutation: Armour fits poorly on your strangely shaped
                  | body. [Xom's mischief]
  2534 | D:4      | XOM: summons friendly iron imp
  2587 | D:4      | XOM: summons 3 hostile shadow creatures
  2692 | D:4      | Reached skill level 1 in Throwing
  2716 | D:4      | Reached XP level 7. HP: 60/62 MP: 6/6
  3081 | D:4      | Found a stormy altar of Qazlal.
  3117 | D:5      | Entered Level 5 of the Dungeon
  3226 | D:5      | Reached skill level 8 in Unarmed Combat
  3226 | D:5      | XOM: smoke on damage
  3243 | D:5      | XOM: summons 3 hostile shadow creatures
  3408 | D:5      | Reached skill level 2 in Throwing
  3432 | D:5      | XOM: summons 4 hostile shadow creatures
  3441 | D:5      | XOM: smoke on damage
  3443 | D:5      | XOM: torment (32/66 hp)
  3530 | D:5      | XOM: divination: magic mapping
  3534 | D:5      | XOM: enchant monster (good)
  3539 | D:5      | Reached skill level 9 in Unarmed Combat
  3546 | D:5      | Reached skill level 3 in Throwing
  3546 | D:5      | Reached XP level 8. HP: 61/74 MP: 7/7
  3589 | D:5      | Learned a level 1 spell: Beastly Appendage
  4057 | D:6      | XOM: noise
  4060 | D:6      | Reached skill level 1 in Transmutations
  4152 | D:6      | Reached skill level 10 in Unarmed Combat
  4188 | D:6      | Reached skill level 2 in Transmutations
  5003 | D:7      | Reached XP level 9. HP: 80/80 MP: 8/8
  5018 | D:7      | Reached skill level 3 in Transmutations
  5097 | D:7      | Reached skill level 11 in Unarmed Combat
  5312 | D:7      | Found a staircase to the Ecumenical Temple.
  5376 | D:7      | XOM: give mutations
  5376 | D:7      | Gained mutation: You are frail. (-10% HP) [Xom's mischief]
  5376 | D:7      | Gained mutation: Your flesh is heat resistant. (rF+) [Xom's
                  | mischief]
  5376 | D:7      | Lost mutation: You are frail. (-10% HP) [Xom's mischief]
  5507 | D:7      | Found a glowing golden altar of the Shining One.
  5633 | D:8      | Noticed a two-headed ogre
  5633 | D:8      | XOM: 1-stop teleportation journey
  5635 | D:8      | XOM: blink monster(s)
  5641 | D:8      | XOM: 2-stop teleportation journey
  5679 | D:8      | XOM: potion effect (curing)
  5714 | D:8      | XOM: 1-stop teleportation journey
  5878 | D:8      | XOM: swap monsters
  6032 | D:8      | XOM: summons 4 hostile shadow creatures
  6068 | D:8      | Reached skill level 4 in Transmutations
  6070 | D:8      | Reached skill level 12 in Unarmed Combat
  6104 | D:8      | Found a hide-covered altar of Uskayaw.
  6128 | D:8      | XOM: enchant monster (good)
  6139 | D:8      | Killed a two-headed ogre
  6140 | D:8      | Reached XP level 10. HP: 48/88 MP: 7/9
  6170 | D:8      | XOM: noise
  6247 | D:8      | XOM: enchant monster (bad)
  6490 | D:8      | XOM: god gift: 8 datura-tipped darts
  6588 | D:8      | Identified a scroll of acquirement
  6588 | D:8      | Acquired the ring "Cakhlet" {rN+ Will+ AC+4 Str+4 Dex-3}
  6706 | D:9      | Noticed Joseph
  6713 | D:9      | Found a staircase to the Orcish Mines.
  6718 | D:9      | Found a staircase to the Lair.
  6725 | D:9      | Reached skill level 1 in Shields
  6744 | D:9      | Reached skill level 13 in Unarmed Combat
  6756 | D:9      | XOM: summons friendly ufetubus
  6758 | D:9      | Reached skill level 2 in Shields
  6783 | D:9      | XOM: god gift: warped scale mail {god gift}
  6783 | D:9      | Identified the +0 scale mail of the Armadillo {rC+ rN+
                  | Str+4} (Xom gifted it to you on level 9 of the Dungeon)
  6797 | D:9      | XOM: cast spell 'Alistair's Intoxication'
  6829 | D:9      | XOM: polymorph hornet -> golden eye
  6832 | D:9      | XOM: scenery: summon butterflies
  6875 | D:9      | Noticed a two-headed ogre
  6881 | D:9      | XOM: confuse monster(s)
  6886 | D:9      | Killed a two-headed ogre
  6887 | D:9      | Reached skill level 3 in Shields
  6921 | D:9      | Noticed an eight-headed hydra
  6925 | D:9      | an eight-headed hydra changed into a shapeshifter
  6925 | D:9      | XOM: polymorph eight-headed hydra -> shapeshifter
  6972 | D:9      | Found a runed translucent door.
  6975 | D:9      | Noticed KittyFluff's ghost (journeyman GrBe)
  7208 | D:9      | XOM: confuse monster(s)
  7279 | D:9      | XOM: smoke on damage
  7280 | D:9      | XOM: enchant monster (good)
  7281 | D:9      | XOM: enchant monster (bad)
  7286 | D:9      | Reached skill level 14 in Unarmed Combat
  7455 | D:9      | Killed Joseph
  7488 | D:9      | XOM: chaos upgrade
  7496 | D:9      | Reached XP level 11. HP: 73/94 MP: 10/10
  7501 | D:9      | XOM: polymorph orc priest -> gnoll
  7502 | D:9      | XOM: draining
  7503 | D:9      | XOM: noise
  7506 | D:9      | Reached skill level 4 in Shields
  7629 | D:9      | Noticed Harold
  7631 | D:9      | XOM: swap monsters
  7645 | D:9      | Killed Harold
  7645 | D:9      | XOM: scenery: summon butterflies
  7734 | D:9      | XOM: cloud trail
  7776 | D:9      | Killed KittyFluff's ghost
  7815 | D:10     | Entered Level 10 of the Dungeon
  7908 | D:10     | XOM: summons friendly white imp
  7930 | D:10     | XOM: god gift: wand of mindburst (14)
  7933 | D:10     | Noticed a deep elf pyromancer
  7933 | D:10     | XOM: polymorph white imp -> crimson imp
  7939 | D:10     | Killed a deep elf pyromancer
  7941 | D:10     | Identified the +0 hat of the Raven {Str+6 Dex-2 Slay+5}
  7953 | D:10     | Noticed a deep elf zephyrmancer
  7956 | D:10     | Killed a deep elf zephyrmancer
  8047 | D:10     | Found a shadowy altar of Dithmenos.
  8075 | D:10     | Found a snail-covered altar of Cheibriados.
  8076 | D:10     | Found a radiant altar of Vehumet.
  8077 | D:10     | Found a shimmering blue altar of Sif Muna.
  8110 | D:10     | Found a flagged portal.
  8120 | Bailey   | Entered a bailey
  8127 | Bailey   | XOM: god gift: +2 robe of willpower
  8133 | Bailey   | XOM: silly message
  8184 | Bailey   | XOM: silly message
  8206 | Bailey   | XOM: smoke on damage
  8227 | Bailey   | Found an iron altar of Okawaru.
  8227 | Bailey   | Noticed an orc high priest
  8236 | Bailey   | XOM: potion effect (haste)
  8238 | Bailey   | XOM: potion effect (brilliance)
  8242 | Bailey   | XOM: potion effect (brilliance)
  8243 | Bailey   | Killed an orc high priest
  8244 | Bailey   | Reached skill level 5 in Shields
  8244 | Bailey   | Reached skill level 15 in Unarmed Combat
  8244 | Bailey   | XOM: potion effect (brilliance)
  8248 | Bailey   | Gained mutation: You sometimes lose the ability to read
                  | scrolls when taking damage. [a neqoxec]
  8259 | Bailey   | XOM: potion effect (invisibility)
  8426 | Bailey   | XOM: scenery: 2 doors open
  8496 | Bailey   | XOM: confuse monster(s)
  8557 | Bailey   | Acquired 948 gold pieces
  8565 | Bailey   | XOM: cast spell 'Alistair's Intoxication'
  9005 | D:10     | XOM: enchant monster (good)
  9006 | D:10     | You fall into a shaft and drop 2 floors!
  9007 | D:12     | XOM: polymorph yaktaur -> shapeshifter
  9013 | D:12     | Reached skill level 1 in Armour
  9040 | D:12     | XOM: summons friendly shadow imp
  9089 | D:11     | Noticed a two-headed ogre
  9100 | D:11     | Killed a two-headed ogre
  9101 | D:11     | Reached skill level 2 in Armour
  9101 | D:11     | Reached skill level 6 in Shields
  9115 | D:11     | Noticed Erolcha
  9124 | D:11     | Killed Erolcha
  9233 | D:11     | XOM: enchant monster (good)
  9241 | D:11     | Reached skill level 3 in Armour
  9244 | D:11     | XOM: noise
  9245 | D:11     | Found a gate leading to a gauntlet.
  9247 | D:11     | XOM: confuse monster(s)
  9253 | D:11     | Reached XP level 12. HP: 103/104 MP: 11/11
  9263 | Gauntlet | XOM: noise
  9263 | Gauntlet | Entered a Gauntlet
  9263 | Gauntlet | Found a transporter.
  9272 | Gauntlet | Found a transporter.
  9275 | Gauntlet | Found a transporter.
  9276 | Gauntlet | Found a transporter.
  9280 | Gauntlet | Found a runed translucent door.
  9282 | Gauntlet | Found a runed translucent door.
  9284 | Gauntlet | Found a transporter.
  9287 | Gauntlet | Found a transporter.
  9288 | Gauntlet | Found a transporter.
  9290 | Gauntlet | Noticed a death scarab
  9296 | Gauntlet | Found a runed translucent door.
  9297 | Gauntlet | Noticed a death scarab
  9300 | Gauntlet | Found a transporter.
  9301 | Gauntlet | Found a transporter.
  9309 | Gauntlet | Found a transporter.
  9309 | Gauntlet | Found a transporter.
  9312 | Gauntlet | Found a transporter.
  9313 | Gauntlet | Found a transporter.
  9322 | Gauntlet | Noticed a great orb of eyes
  9324 | Gauntlet | Found a transporter.
  9414 | Gauntlet | XOM: summons 1 hostile demon
  9563 | Gauntlet | Killed a death scarab
  9564 | Gauntlet | Reached skill level 4 in Armour
  9564 | Gauntlet | Reached skill level 7 in Shields
  9565 | Gauntlet | XOM: summons 1 hostile demon
  9633 | Gauntlet | Killed a death scarab
  9754 | Gauntlet | XOM: summons friendly iron imp
  9771 | Gauntlet | Reached skill level 5 in Armour
  9774 | Gauntlet | Identified the +2 cloak of Ru's Hope {*Corrode rF+++ Will-
                  | Regen+}
  9841 | Gauntlet | Paralysed by a great orb of eyes for 7 turns
  9847 | Gauntlet | Killed a great orb of eyes
  9847 | Gauntlet | XOM: divine lightning
  9865 | Gauntlet | Identified the +5 battleaxe of the Dancing Bear {antimagic,
                  | Fragile rF++ Dex+3 Stlth+}
  9865 | Gauntlet | Identified the +0 crystal plate armour "Omad" {rElec rPois
                  | Str-2 Stlth-}
  9865 | Gauntlet | Noticed a minotaur
  9877 | Gauntlet | Noticed a death yak
  9877 | Gauntlet | a minotaur changed into a death yak
  9877 | Gauntlet | XOM: polymorph minotaur -> death yak
  9882 | Gauntlet | Killed a death yak
  9883 | Gauntlet | Reached skill level 8 in Shields
  9894 | Gauntlet | Identified +1 pearl dragon scales
  9894 | Gauntlet | Identified the +0 buckler of Duliuj {Contam rCorr Int-3
                  | SInv}
  9909 | Gauntlet | Got the Reference Book on Noxious Shape Shifting
  9911 | Gauntlet | Identified the ring "Uqodamp" {rC- rCorr Str+7 Int+6
                  | Stlth+}
  9925 | Gauntlet | XOM: scenery: 1 doors close
 10145 | D:11     | XOM: confuse monster(s)
 10217 | D:11     | XOM: scenery: 1 doors open
 10245 | D:11     | XOM: god gift: +9 hunting sling of chaos
 10260 | D:11     | XOM: scenery: 2 doors open
 10429 | D:11     | XOM: divination: detect items
 10751 | D:12     | Reached skill level 6 in Armour
 11000 | D:12     | Noticed a two-headed ogre
 11009 | D:12     | Killed a two-headed ogre
 11092 | D:12     | XOM: fog
 11267 | D:12     | XOM: scenery: summon butterflies
 11300 | D:12     | Identified 2 potions of experience
 11301 | D:12     | Reached skill level 7 in Armour
 11301 | D:12     | Reached skill level 9 in Shields
 11301 | D:12     | Reached XP level 13. HP: 110/110 MP: 12/12
 11302 | D:12     | Reached skill level 8 in Armour
 11302 | D:12     | Reached skill level 4 in Dodging
 11302 | D:12     | Reached XP level 14. HP: 118/118 MP: 13/13
 11396 | D:13     | Found a gate to the Vaults.
 11454 | D:13     | Reached skill level 3 in Fighting
 11798 | D:13     | XOM: summons friendly quasit
 11802 | D:13     | XOM: divination: detect items
 11803 | D:13     | XOM: cast spell 'Summon Ice Beast'
 11804 | D:13     | XOM: divination: magic mapping
 11806 | D:13     | Reached skill level 9 in Armour
 11833 | D:13     | XOM: blink monster(s)
 11841 | D:13     | Reached skill level 16 in Unarmed Combat
 11970 | D:13     | XOM: god gift: 7 atropa-tipped darts
 12047 | D:13     | Noticed Sonja
 12047 | D:13     | XOM: summons 2 friendly demons
 12050 | D:13     | Killed Sonja
 12051 | D:13     | Reached skill level 4 in Fighting
 12051 | D:13     | Reached XP level 15. HP: 130/130 MP: 14/14
 12496 | D:14     | XOM: enchant monster (good)
 12598 | D:14     | XOM: potion effect (berserk rage)
 12615 | D:14     | Found a flickering gateway to a bazaar.
 12621 | D:14     | XOM: summons friendly shadow imp
 12627 | D:14     | XOM: potion effect (invisibility)
 12629 | D:14     | XOM: cleaving
 12654 | Bazaar   | Entered a bazaar
 12654 | Bazaar   | Found Vituok's General Store.
 12654 | Bazaar   | Found Ojaagoex's Antique Armour Shoppe.
 12654 | Bazaar   | Found Coteytea's General Store.
 12654 | Bazaar   | Found Domaur's Jewellery Shoppe.
 12687 | Bazaar   | Found Feemoz's Distillery.
 12687 | Bazaar   | XOM: 4-stop teleportation journey
 12740 | Bazaar   | Bought a potion of degeneration for 8 gold pieces
 12743 | Bazaar   | Bought a ring of poison resistance for 220 gold pieces
 12754 | Bazaar   | Bought a scroll of fear for 38 gold pieces
 12754 | Bazaar   | Bought a scroll of holy word for 82 gold pieces
 12762 | Bazaar   | Bought a potion of might for 32 gold pieces
 12762 | Bazaar   | Bought a potion of curing for 24 gold pieces
 12762 | Bazaar   | Bought a potion of curing for 24 gold pieces
 12762 | Bazaar   | Bought a potion of curing for 24 gold pieces
 12762 | Bazaar   | Bought a potion of cancellation for 64 gold pieces
 12762 | Bazaar   | Bought a potion of berserk rage for 40 gold pieces
 12762 | Bazaar   | Bought a potion of cancellation for 64 gold pieces
 13075 | D:14     | Identified the +6 hand axe "Naohuok" {flame, rCorr Str+2}
 13244 | D:14     | XOM: give mutations
 13244 | D:14     | Gained mutation: You are dopey. (Int -2) [Xom's mischief]
 13244 | D:14     | Gained mutation: You are frail. (-10% HP) [Xom's mischief]
 13244 | D:14     | Lost mutation: Your flesh is heat resistant. (rF+) [Xom's
                  | mischief]
 13353 | D:13     | XOM: cloud trail
 13371 | D:12     | XOM: summons 1 hostile demon
 13446 | Lair:1   | Entered Level 1 of the Lair of Beasts
 13484 | Lair:1   | XOM: enchant monster (bad)
 13634 | Lair:1   | You fall into a shaft and drop 1 floor!
 13640 | Lair:2   | Found a staircase to the Swamp.
 13676 | Lair:2   | Found a runed translucent gate.
 13676 | Lair:2   | Found a runed translucent gate.
 13676 | Lair:2   | Found a runed translucent gate.
 13679 | Lair:2   | Reached skill level 5 in Fighting
 13692 | Lair:2   | XOM: 5-stop teleportation journey
 13820 | Lair:2   | XOM: 6-stop teleportation journey
 13827 | Lair:2   | XOM: potion effect (brilliance)
 13985 | Lair:2   | Identified the +6 war axe of Dried Tears {vorpal, rC+
                  | Str+2}
 14015 | Lair:2   | XOM: blink monster(s)
 14080 | Lair:2   | Noticed Baconl0rd's ghost (journeyman MiFi)
 14423 | Lair:1   | XOM: polymorph water moccasin -> hornet
 14430 | Lair:1   | Paralysed by a hornet for 3 turns
 14434 | Lair:1   | Reached skill level 10 in Armour
 14477 | Lair:1   | XOM: enchant monster (bad)
 14563 | Lair:1   | XOM: silly message
 14584 | Lair:1   | You fall into a shaft and drop 1 floor!
 14632 | Lair:1   | XOM: summons 1 hostile demon
 14643 | Lair:1   | Noticed Grum
 14655 | Lair:1   | Killed Grum
 14971 | Lair:3   | XOM: swap monsters
 14975 | Lair:3   | XOM: polymorph yak -> manticore
 14976 | Lair:3   | XOM: cleaving
 14987 | Lair:3   | XOM: summons friendly crimson imp
 14996 | Lair:3   | Reached skill level 6 in Fighting
 15163 | Lair:3   | XOM: polymorph cane toad -> polar bear
 15206 | Lair:3   | XOM: give mutations
 15206 | Lair:3   | Gained mutation: You have a pair of small horns on your
                  | head. [Xom's mischief]
 15206 | Lair:3   | Gained mutation: You are very dopey. (Int -4) [Xom's
                  | mischief]
 15206 | Lair:3   | Gained mutation: You have large cloven feet. [Xom's
                  | mischief]
 15213 | Lair:3   | XOM: enchant monster (bad)
 15266 | Lair:3   | Identified the +3 war axe of the Boiling Point {flame,
                  | +Blink rC+ Str+4 Int+4}
 15274 | Lair:3   | XOM: summons 2 friendly demons
 15680 | Lair:4   | Found a frozen archway.
 15706 | IceCv    | Entered an ice cave
 15729 | IceCv    | XOM: stat loss: -1 Str (34/35)
 15762 | IceCv    | XOM: 1-stop teleportation journey
 15765 | IceCv    | XOM: summons 2 friendly demons
 15769 | IceCv    | XOM: polymorph white draconian -> glowing shapeshifter
 16117 | Lair:4   | XOM: summons friendly ufetubus
 16123 | Lair:4   | Reached skill level 17 in Unarmed Combat
 16152 | Lair:4   | XOM: polymorph ufetubus -> crimson imp
 16204 | Lair:4   | XOM: god gift: scroll of fog
 16206 | Lair:4   | XOM: destruction
 16207 | Lair:4   | XOM: summons friendly shadow imp
 16214 | Lair:4   | Reached skill level 7 in Fighting
 16266 | Lair:4   | Found a hole to the Spider Nest.
 16348 | Lair:4   | XOM: confuse monster(s)
 16446 | Lair:4   | XOM: polymorph elephant -> cyclops
 16456 | Lair:4   | XOM: give mutations
 16456 | Lair:4   | Gained mutation: You expend magic power (3 MP) to
                  | strengthen your wands. [Xom's grace]
 16456 | Lair:4   | Gained mutation: A frigid envelope surrounds you and
                  | freezes all who hurt you. [Xom's grace]
 16456 | Lair:4   | Gained mutation: You are covered in thick fur. (AC +2)
                  | [Xom's grace]
 16456 | Lair:4   | Lost mutation: You are very dopey. (Int -4) [Xom's grace]
 16469 | Lair:4   | Identified the +9 trident of Lyacuiczoc {vorpal, rPois
                  | Dex+4}
 16492 | Lair:4   | Reached XP level 16. HP: 127/134 MP: 15/15
 16641 | Lair:4   | XOM: god gift: dagger {god gift}
 17058 | Lair:5   | XOM: cleaving
 17062 | Lair:5   | Reached skill level 8 in Fighting
 17660 | Lair:5   | Lost mutation: You are very agile. (Dex +4) [potion of
                  | mutation]
 17660 | Lair:5   | Lost mutation: You possess an exceptional clarity of mind.
                  | [potion of mutation]
 17660 | Lair:5   | Gained mutation: You are strong-willed. (Will+) [potion of
                  | mutation]
 17661 | Lair:5   | Lost mutation: You are dopey. (Int -2) [potion of mutation]
 17661 | Lair:5   | Lost mutation: You expend magic power (3 MP) to strengthen
                  | your wands. [potion of mutation]
 17661 | Lair:5   | Lost mutation: You have a pair of small horns on your head.
                  | [potion of mutation]
 17661 | Lair:5   | Gained mutation: You are weak. (Str -2) [potion of
                  | mutation]
 17661 | Lair:5   | Gained mutation: Your movements are slightly less
                  | encumbered by armour. (ER -2) [potion of mutation]
 17661 | Lair:5   | Gained mutation: You passively map a small area around you.
                  | [potion of mutation]
 17703 | Lair:6   | XOM: noise
 17703 | Lair:6   | Entered Level 6 of the Lair of Beasts
 17801 | Lair:6   | XOM: summons friendly shadow imp
 17802 | Lair:6   | XOM: summons friendly white imp
 17814 | Lair:6   | XOM: cast spell 'Monstrous Menagerie'
 17827 | Lair:6   | XOM: confuse monster(s)
 17835 | Lair:6   | XOM: polymorph lindwurm -> tarantella
 17886 | Lair:6   | Reached skill level 18 in Unarmed Combat
 17975 | Lair:6   | Reached skill level 9 in Fighting
 18046 | Lair:6   | XOM: polymorph yak -> water moccasin
 18095 | Lair:6   | XOM: scenery: create altars
 18178 | Lair:6   | Identified a +0 robe of resistance
 18306 | Lair:6   | XOM: summons 9 friendly demons
 18438 | Lair:6   | Found a viscous altar of Jiyva.
 18439 | Lair:6   | Found a staircase to the Slime Pits.
 18456 | Lair:6   | XOM: give mutations
 18456 | Lair:6   | Lost mutation: You are weak. (Str -2) [Xom's grace]
 18456 | Lair:6   | Gained mutation: Your muscles are strong. (Str +2) [Xom's
                  | grace]
 18456 | Lair:6   | Gained mutation: You are very agile. (Dex +4) [Xom's grace]
 18559 | Lair:6   | XOM: scenery: create altars
 18573 | Lair:6   | XOM: cloud trail
 19066 | D:10     | Found a glowing silver altar of Zin.
 19158 | D:10     | Found an opulent altar of Gozag.
 19401 | D:10     | Found a portal to a secret trove of treasure.
 19594 | D:10     | XOM: god gift: trident {god gift}
 19919 | Orc:1    | Entered Level 1 of the Orcish Mines
 19955 | Orc:1    | XOM: enchant monster (bad)
 20195 | Orc:1    | XOM: summons 9 hostile demons
 20232 | Orc:1    | XOM: summons 1 hostile demon
 20245 | Orc:1    | XOM: polymorph orc -> dart slug
 20440 | Orc:1    | XOM: silly message
 20474 | Orc:2    | Entered Level 2 of the Orcish Mines
 20478 | Orc:2    | Found a staircase to the Elven Halls.
 20493 | Orc:2    | XOM: polymorph orc warrior -> glowing shapeshifter
 20506 | Orc:2    | Found a radiant altar of Vehumet.
 20572 | Orc:2    | XOM: confuse monster(s)
 20575 | Orc:2    | Reached skill level 10 in Fighting
 20613 | Orc:2    | XOM: potion effect (curing)
 20614 | Orc:2    | XOM: potion effect (brilliance)
 20623 | Orc:2    | XOM: silly message
 20627 | Orc:2    | XOM: potion effect (heal wounds)
 20664 | Orc:2    | XOM: potion effect (curing)
 20726 | Orc:2    | Found Hurutoz's Distillery.
 20726 | Orc:2    | Found Fouq's Assorted Antiques.
 20727 | Orc:2    | Found Icsoqily's Armour Emporium.
 20727 | Orc:2    | Found Petemyts's Weapon Shop.
 20741 | Orc:2    | Bought a scroll of enchant armour for 247 gold pieces
 20741 | Orc:2    | Bought a scroll of blinking for 247 gold pieces
 20741 | Orc:2    | Bought a scroll of blinking for 247 gold pieces
 20745 | Orc:2    | Bought a potion of heal wounds for 65 gold pieces
 20745 | Orc:2    | Bought a potion of curing for 39 gold pieces
 20745 | Orc:2    | Bought a potion of curing for 39 gold pieces
 20745 | Orc:2    | Bought a potion of curing for 39 gold pieces
 20775 | Orc:2    | Found Qyluew's Antique Weapon Shoppe.
 20811 | Orc:2    | Noticed Stomo444's ghost (journeyman DsMo)
 20820 | Orc:2    | Found a bloodstained altar of Trog.
 20827 | Orc:2    | Found a transporter.
 20962 | Orc:2    | Found a transporter.
 21361 | Swamp:1  | Entered Level 1 of the Swamp
 21384 | Swamp:1  | XOM: blink monster(s)
 21387 | Swamp:1  | Reached skill level 19 in Unarmed Combat
 21387 | Swamp:1  | Reached XP level 17. HP: 150/150 MP: 16/16
 21488 | Swamp:1  | XOM: summons 9 hostile demons
 21637 | Swamp:1  | Noticed Roxanne
 21649 | Swamp:1  | Killed Roxanne
 21651 | Swamp:1  | Reached skill level 11 in Fighting
 21656 | Swamp:1  | XOM: god gift: mace {god gift}
 21788 | Swamp:1  | Paralysed by a hornet for 3 turns
 21900 | Swamp:1  | Identified a potion of resistance
 21908 | Swamp:1  | XOM: give mutations
 21908 | Swamp:1  | Gained mutation: You have a pair of small horns on your
                  | head. [Xom's grace]
 21908 | Swamp:1  | Gained mutation: Your muscles are very strong. (Str +4)
                  | [Xom's grace]
 21908 | Swamp:1  | Gained mutation: Your spells are a little harder to cast,
                  | but a little more powerful. [Xom's grace]
 21908 | Swamp:1  | Gained mutation: You are partially covered in iridescent
                  | scales. (AC +2) [Xom's grace]
 22035 | Swamp:2  | XOM: 5-stop teleportation journey
 22044 | Swamp:2  | XOM: give mutations
 22044 | Swamp:2  | Lost mutation: You have large cloven feet. [Xom's mischief]
 22044 | Swamp:2  | Lost mutation: You are partially covered in iridescent
                  | scales. (AC +2) [Xom's mischief]
 22106 | Swamp:2  | XOM: draining
 22159 | Swamp:2  | HP: 5/143 [will-o-the-wisp/foxfire (23)]
 22160 | Swamp:2  | >>i die lol
 22160 | Swamp:2  | Killed from afar by a will-o-the-wisp

Vanquished Creatures
  Roxanne (Swamp:1)
  An orc warlord (Orc:1)
  A dire elephant (Lair:4)
  A bunyip (Swamp:2)
  A shambling mangrove (Swamp:1)
  A vault guard (D:13)
  2 boulder beetles
  6 hydras
  Erolcha (D:11)
  22 two-headed ogres
  4 ogre magi (Orc:2)
  Harold (D:9)
  2 death scarabs (Gauntlet)
  8 death yaks
  The ghost of KittyFluff the Cruncher, a journeyman GrBe of Trog (D:9)
  A tengu warrior (D:14)
  2 alligators (Swamp:1)
  An orc high priest (Bailey)
  Sonja (D:13)
  A fire crab (Lair:4)
  2 goliath frogs
  5 skeletal warriors (D:13)
  A swamp dragon (Swamp:2)
  A spriggan druid (Swamp:1)
  2 spectral hydras (Gauntlet)
  A necromancer (Lair:3)
  2 large abominations (Gauntlet)
  2 deep elf pyromancers
  2 wolf spiders (Lair:4)
  2 orc knights (Orc:1)
  A deep elf zephyrmancer (D:10)
  3 orc sorcerers
  A will-o-the-wisp (Swamp:2)
  2 cyclopes (shapeshifter)
  7 cyclopes
  2 manticores
  2 ugly things
  31 elephants
  2 ice statues (IceCv)
  Joseph (D:9)
  4 black mambas
  2 gargoyles
  A torpor snail (Lair:2)
  An unseen horror (D:11)
  2 kobold demonologists
  13 cane toads
  10 rime drakes
  7 komodo dragons
  2 meliai (D:14)
  6 polar bears
  A basilisk (shapeshifter) (D:14)
  6 trolls
  2 bloated husks (Swamp:1)
  12 hornets
  A tyrant leech (Swamp:2)
  8 slime creatures
  8 dream sheep
  15 blink frogs
  A centaur simulacrum (D:14)
  2 shadows
  Sigmund (D:3)
  16 spriggans
  A redback (Lair:4)
  5 wyverns
  40 yaks
  A spriggan (shapeshifter) (D:9)
  A golden eye (D:9)
  Grum (Lair:1)
  5 wraiths
  5 basilisks
  5 wargs
  A spectral cane toad (Gauntlet)
  7 swamp worms
  7 vampire mosquitoes
  3 acid dragons
  22 water moccasins
  A water moccasin (shapeshifter) (D:12)
  Purgy (Sewer)
  A swamp drake (Swamp:1)
  32 orc warriors
  6 black bears
  A hornet zombie (D:7)
  A sky beast (D:6)
  3 necrophages
  3 elephant zombies (Lair:3)
  5 boggarts (Lair:6)
  30 wolves
  25 ogres
  A phantom (D:5)
  A kobold brigand (D:8)
  2 komodo dragon zombies (Lair:3)
  A gnoll sergeant (D:8)
  10 bullfrogs
  A wyvern zombie (D:8)
  7 scorpions
  3 small abominations (Gauntlet)
  17 killer bees
  12 electric eels
  5 howler monkeys
  3 centaur zombies
  A crimson imp (D:10)
  3 jellies
  11 komodo dragon simulacra (IceCv)
  A bullfrog skeleton (D:5)
  12 orc priests
  A basilisk zombie (Lair:3)
  19 gnolls
  A gnoll shaman (D:5)
  An iron imp (D:10)
  6 hell rats (Lair:4)
  4 iguanas
  15 orc wizards
  A hound skeleton (D:4)
  A howler monkey zombie (D:9)
  2 howler monkey skeletons
  6 adders
  5 acid dragon simulacra (IceCv)
  3 shadow imps
  13 white imps
  5 steam dragon simulacra (IceCv)
  2 adder skeletons (D:4)
  2 worms (D:2)
  5 dart slugs
  73 orcs
  5 endoplasms
  6 giant cockroaches
  17 goblins
  16 hobgoblins
  8 jackals
  5 quokkas
  4 ball pythons
  3 bats
  5 frilled lizards
  20 kobolds
  5 rats
815 creatures vanquished.

Vanquished Creatures (collateral kills)
  A death yak (Lair:6)
  A cyclops (D:14)
  A swamp drake (D:10)
  A wolf (Lair:6)
  A jelly (D:5)
  Jessica (D:2)
6 creatures vanquished.

Vanquished Creatures (others)
  A great orb of eyes (Gauntlet)
  3 bloated husks
  A meliai (D:14)
  A scorpion (D:5)
  An orc wizard (D:10)
  An orc (D:10)
  9 foxfires (Swamp:2)
  94 fungi
  105 plants
216 creatures vanquished.

Grand Total: 1037 creatures vanquished

Table legend: (Time is in decaauts)
 A = Elapsed time spent in this place.
 B = Non-inter-level travel time spent in this place.
 C = Inter-level travel time spent in this place.
 D = Time resting spent in this place.
 E = Time spent auto-exploring this place.
 F = Levels seen in this place.
 G = Mean time per level.
                   A        B        C        D        E       F      G
               +--------+--------+--------+--------+--------+-----+--------+
         Total |  21790 |  20267 |   1523 |   1310 |  14324 |  29 |  751.4 |
       Dungeon |  12639 |  11669 |    970 |    657 |   8717 |  14 |  902.8 |
          Lair |   5105 |   4669 |    436 |    167 |   3450 |   6 |  850.8 |
         Swamp |    819 |    806 |     13 |      0 |    638 |   2 |  409.5 |
  Orcish Mines |   1244 |   1142 |    102 |     20 |    788 |   2 |  622.0 |
        Bazaar |    111 |    111 |      0 |      0 |     90 |   1 |  111.0 |
         Sewer |    153 |    153 |      0 |      0 |     93 |   1 |  153.0 |
        Bailey |    716 |    716 |      0 |    157 |    335 |   1 |  716.0 |
      Ice Cave |    344 |    344 |      0 |     20 |     94 |   1 |  344.0 |
      Gauntlet |    655 |    655 |      0 |    288 |    117 |   1 |  655.0 |
               +--------+--------+--------+--------+--------+-----+--------+

Top non-repeatable levels by time:
     D:9: 1325 daAuts
    D:10: 1174 daAuts
    D:13: 1143 daAuts
  Lair:6: 1118 daAuts
    D:11: 1008 daAuts
     D:8: 1000 daAuts
  Lair:4: 930 daAuts
  Lair:2: 877 daAuts
     D:5: 867 daAuts
     D:3: 866 daAuts
     D:4: 833 daAuts
     D:7: 808 daAuts
     D:6: 805 daAuts
    D:14: 794 daAuts
  Lair:5: 788 daAuts

Table legend:
 A = Non-vault XP
 B = Vault XP
 C = Vault XP percentage of total XP
 D = Non-vault monster count
 E = Vault monster count
 F = Vault count percentage of total count
                 A         B        C        D         E       F
            +---------+---------+-------+---------+---------+-------
      Total |  105010 |   67174 |  39.0 |     514 |     310 |  37.6
            +---------+---------+-------+---------+---------+-------
        D:1 |      51 |       0 |   0.0 |      25 |       0 |   0.0
        D:2 |      77 |      46 |  37.4 |      16 |       2 |  11.1
        D:3 |      58 |     206 |  78.0 |      20 |       6 |  23.1
        D:4 |     142 |       0 |   0.0 |      12 |       0 |   0.0
        D:5 |     788 |       0 |   0.0 |      14 |       0 |   0.0
        D:6 |     907 |     199 |  18.0 |      18 |       3 |  14.3
        D:7 |     864 |       0 |   0.0 |      12 |       0 |   0.0
        D:8 |    2756 |       0 |   0.0 |      29 |       0 |   0.0
        D:9 |    2215 |    5078 |  69.6 |      13 |      45 |  77.6
       D:10 |     389 |    1550 |  79.9 |       9 |      19 |  67.9
       D:11 |    3162 |     973 |  23.5 |      14 |       1 |   6.7
       D:12 |    4063 |     141 |   3.4 |      10 |       1 |   9.1
       D:13 |    8981 |    1860 |  17.2 |      20 |       2 |   9.1
       D:14 |    6709 |       0 |   0.0 |      13 |       0 |   0.0
     Lair:1 |    4637 |     549 |  10.6 |      20 |       4 |  16.7
     Lair:2 |    6707 |     494 |   6.9 |      29 |       3 |   9.4
     Lair:3 |    6941 |    1282 |  15.6 |      28 |       7 |  20.0
     Lair:4 |    8397 |   13154 |  61.0 |      28 |      38 |  57.6
     Lair:5 |    7160 |       0 |   0.0 |      23 |       0 |   0.0
     Lair:6 |   14686 |    8862 |  37.6 |      40 |      44 |  52.4
    Swamp:1 |   10777 |    1941 |  15.3 |      25 |       1 |   3.8
    Swamp:2 |    3901 |       0 |   0.0 |       8 |       0 |   0.0
      Orc:1 |    7316 |       0 |   0.0 |      64 |       0 |   0.0
      Orc:2 |    3326 |   17051 |  83.7 |      24 |      41 |  63.1
      Sewer |       0 |     154 | 100.0 |       0 |       6 | 100.0
     Bailey |       0 |    2851 | 100.0 |       0 |      44 | 100.0
      IceCv |       0 |    3366 | 100.0 |       0 |      28 | 100.0
   Gauntlet |       0 |    7417 | 100.0 |       0 |      15 | 100.0
            +---------+---------+-------+---------+---------+-------
